 Dungeon Crawl Stone Soup version 0.31.0-11-ge490571c62 (webtiles) character file.

Game seed: 16525540518772229310

14523 inmateoo the Warrior (level 11, -4/171 HPs)
             Began as a Minotaur Fighter on Jan 26, 2024.
             Slain by Erica
             ... wielding a +3 scimitar of flaming
              (13 damage)
             ... on level 11 of the Dungeon.
             The game lasted 00:10:53 (12039 turns).

inmateoo the Warrior (Minotaur Fighter)            Turns: 12039, Time: 00:10:53

Health: -4/171     AC: 25    Str: 24    XL:     11   Next: 89%
Magic:  10/10      EV: -1    Int:  5    God:
Gold:   276        SH:  6    Dex: 11    Spells: 10/10 levels left

rFire   . . .        r - +5 broad axe (drain)
rCold   . . .        c - +0 buckler
rNeg    . . .        z - melded +4 ring mail
rPois   +            (helmet currently unavailable)
rElec   .            m - melded +1 cloak
rCorr   .            w - melded +0 pair of gloves
SInv    .            (boots currently unavailable)
Will    +....        (no amulet)
Stlth   +            q - ring of willpower
HPRegen 0.48/turn    (no ring)
MPRegen 0.12/turn

%: no passive effects
@: tree-form, constricted, studying 2 skills
A: stationary, stasis, torment immunity, boosted hp, (horns 2), (retaliatory
headbutt), screaming 1
a: no special abilities


You were on level 11 of the Dungeon.
You were a tree.
You visited 1 branch of the dungeon, and saw 11 of its levels.
You also visited: Sewer and Bailey.

You collected 597 gold pieces.
You spent 321 gold pieces at shops.

Inventory:

Hand Weapons
 r - a +5 broad axe of draining (weapon)
Missiles
 u - a throwing net (quivered)
Armour
 c - a +0 buckler (worn)
 m - a +1 cloak (melded)
 n - the +0 pair of gloves "Wihef" {rF+ rC- Int+5 SInv}
   (You found it on level 9 of the Dungeon)

   Int+5:     It affects your intelligence (+5).
   rF+:       It protects you from fire.
   rC-:       It makes you vulnerable to cold.
   SInv:      It lets you see invisible.
 w - a +0 pair of gloves (melded)
 z - a +4 ring mail (melded)
Jewellery
 j - a ring of ice
 q - a ring of willpower (left branch)
 B - an amulet of faith
Scrolls
 a - 3 scrolls of vulnerability
 b - 5 scrolls of identify
 i - a scroll of blinking
 k - 9 scrolls of teleportation
 l - 2 scrolls of amnesia
 p - 2 scrolls of enchant armour
 t - a scroll of revelation
 x - 2 scrolls of immolation
 y - a scroll of summoning
Potions
 e - 2 potions of ambrosia
 f - 2 potions of resistance
 g - 2 potions of haste
 h - a potion of lignification
 o - 3 potions of curing
 s - 3 potions of mutation
 v - a potion of enlightenment


   Skills:
 + Level 16.1 Fighting
 * Level 11.8 Axes
 + Level 9.0 Armour
 + Level 8.3 Dodging
 + Level 8.7 Shields


You had 10 spell levels left.
You didn't know any spells.
Your spell library contained the following spells:

 Spells                   Type           Power      Damage    Failure   Level
 Apportation              Tloc           0%         N/A       52%         1
 Necrotise                Necr           0%         1d4       52%         1
 Sting                    Conj/Alch      0%         1d3       52%         1
 Summon Small Mammal      Summ           0%         N/A       52%         1
 Mercury Vapours          Alch/Air       0%         N/A       67%         2
 Olgreb's Toxic Radiance  Alch           0%         N/A       99%         4
 Vhi's Electric Charge    Tloc/Air       0%         N/A       99%         4
 Arcjolt                  Conj/Air       0%         1d10      100%        5
 Maxwell's Capacitive Co  Air            0%         ∞         100%        8


Dungeon Overview and Level Annotations

Branches:
Dungeon (11/15)              Lair (0/5) D:8           Sewer (visited)
 Bailey (visited)
 Temple: D:4-7          Orc: D:9-12

Altars:
Ashenzari
Elyvilon
Fedhas
Gozag
Kikubaaqudgha
Nemelex Xobeh
Qazlal
Trog
Uskayaw
Vehumet
Wu Jian
Xom
Yredelemnul
Zin
The Shining One

Shops:
D:1 =   D:2 (   D:7 (   D:8 [

Annotations:
D:11 Erica


Innate Abilities, Weirdness & Mutations

You are a tree.
Your roots penetrate the ground, keeping you stationary.
You cannot be teleported.
You are immune to unholy pain and torment.
Your maximum health is greatly increased.
Your equipment is partially melded.
((You have a pair of horns on your head.))
((You reflexively headbutt those who attack you in melee.))
You occasionally shout uncontrollably at your foes.


Message History

You feel yourself speed up.
You feel sick.
You hear some strange, mumbled words.
A bolt of poison appears from out of thin air!
The bolt of poison hits you but does no damage.
You resist.
You are constricted.
You slash something!
You feel sick. Something hits you but does no damage.
You are constricted.
You completely miss something.
You feel sick. Something hits you.
* * * LOW HITPOINT WARNING * * *
Something burns you.
* * * LOW HITPOINT WARNING * * *
You are constricted.
You miss something.
You feel sick.
You are no longer poisoned.
Something hits you but does no damage.
You are constricted.
* * * LOW HITPOINT WARNING * * *
You slice something!! Something hits you but does no damage.
You are constricted.
* * * LOW HITPOINT WARNING * * *
You miss something. Something hits you but does no damage.
You are constricted.
You miss something. Something hits you.
* * * LOW HITPOINT WARNING * * *
Something burns you.
* * * LOW HITPOINT WARNING * * *
You are constricted.
You miss something. Something hits you!
* * * LOW HITPOINT WARNING * * *
Something burns you.
* * * LOW HITPOINT WARNING * * *
You are constricted.
* * * LOW HITPOINT WARNING * * *
You feel much better. Something hits you!
* * * LOW HITPOINT WARNING * * *
Something burns you.
* * * LOW HITPOINT WARNING * * *
You are constricted.
* * * LOW HITPOINT WARNING * * *
You miss something. Something hits you!
You die...

# # ..#. #...
#....########
#....†♣{<...#.#
###.####......#
#.....#.###
#..#.## #
#..#.# ## #.#
#.. ###


There were no monsters in sight!

Vanquished Creatures
  3 two-headed ogres
  Amaemon (D:10)
  An ugly thing (D:10)
  An orc sorcerer (Bailey)
  An orange demon (D:10)
  2 kobold demonologists
  Grinder (D:5)
  2 hornets (D:11)
  3 wyverns (D:8)
  A shadow (D:9)
  4 yaks
  A steam dragon (D:8)
  An acid dragon (D:10)
  Edmund (D:4)
  A water moccasin (D:9)
  16 orc warriors
  2 ice beasts (D:8)
  A sky beast (D:8)
  3 ogres
  5 black bears
  A wolf (D:8)
  6 centaurs
  A phantom (D:5)
  A kobold brigand (D:8)
  4 bullfrogs
  Blork the orc (D:4)
  2 scorpions
  4 wights (D:9)
  15 killer bees
  3 howler monkeys
  12 electric eels
  3 hounds
  Crazy Yiuf (D:6)
  9 orc priests
  A sleepcap (D:8)
  A gnoll bouda (D:9)
  Natasha (thrice) (D:4)
  4 iguanas
  13 orc wizards
  Robin (D:4)
  11 gnolls
  14 adders
  7 river rats
  A shadow imp (D:8)
  2 dart slugs (D:2)
  2 ribbon worms (D:5)
  43 orcs
  11 ball pythons
  2 bats
  6 endoplasms
  3 giant cockroaches
  25 goblins
  18 hobgoblins
  3 quokkas
  3 frilled lizards
  7 kobolds
  28 rats
323 creatures vanquished.

Vanquished Creatures (others)
  Sigmund (D:5)
1 creature vanquished.

Grand Total: 324 creatures vanquished

Notes
Turn   | Place    | Note
-------+----------+-------------------------------------------
     0 | D:1      | inmateoo the Minotaur Fighter began the quest for the Orb.
     0 | D:1      | Reached XP level 1. HP: 19/19 MP: 0/0
    84 | D:1      | Reached XP level 2. HP: 27/27 MP: 1/1
   169 | D:1      | Found Arimal's Jewellery Shop.
   659 | D:2      | Reached XP level 3. HP: 33/33 MP: 2/2
   741 | D:2      | Reached skill level 1 in Dodging
   759 | D:2      | Reached skill level 4 in Fighting
   772 | D:2      | Found Xashromo's Weapon Boutique.
  1651 | D:3      | Reached XP level 4. HP: 40/40 MP: 3/3
  1735 | D:3      | Found a radiant altar of Vehumet.
  1772 | D:3      | Found a bloodstained altar of Trog.
  2111 | D:3      | Noticed a black bear
  2119 | D:3      | Killed a black bear
  2120 | D:3      | Reached XP level 5. HP: 47/47 MP: 4/4
  2407 | D:4      | Noticed Robin
  2415 | D:4      | Noticed Edmund
  2419 | D:4      | Killed Robin
  2420 | D:4      | Reached XP level 6. HP: 44/53 MP: 5/5
  2420 | D:4      | Noticed Natasha
  2428 | D:4      | Killed Edmund
  2429 | D:4      | Reached skill level 5 in Axes
  2430 | D:4      | Killed Natasha
  2431 | D:4      | Reached skill level 5 in Fighting
  2755 | D:4      | Reached skill level 5 in Shields
  2769 | D:4      | Found a glowing silver altar of Zin.
  2803 | D:4      | Reached skill level 5 in Armour
  3118 | D:4      | Noticed Natasha
  3127 | D:4      | Killed Natasha
  3151 | D:4      | Noticed Natasha
  3152 | D:4      | Noticed Blork the orc
  3156 | D:4      | Killed Natasha
  3157 | D:4      | Reached XP level 7. HP: 29/61 MP: 6/6
  3374 | D:4      | Killed Blork the orc
  3480 | D:5      | Entered Level 5 of the Dungeon
  3533 | D:5      | Noticed Sigmund
  3549 | D:5      | Killed Sigmund
  3558 | D:5      | Reached XP level 8. HP: 22/70 MP: 7/7
  3762 | D:5      | Reached skill level 6 in Fighting
  3850 | D:5      | Found a glowing drain.
  3858 | Sewer    | Entered a sewer
  4594 | D:5      | Noticed Grinder
  4600 | D:5      | Paralysed by Grinder for 3 turns
  4621 | D:5      | Killed Grinder
  4889 | D:6      | Found an ancient bone altar of Kikubaaqudgha.
  5005 | D:6      | Reached XP level 9. HP: 46/78 MP: 8/8
  5355 | D:6      | Found a runed translucent door.
  5356 | D:6      | Noticed Crazy Yiuf
  5423 | D:6      | Found a glowing golden altar of the Shining One.
  5546 | D:2      | Bought a +4 broad axe of freezing for 321 gold pieces
  5706 | D:6      | Killed Crazy Yiuf
  5744 | D:7      | Found Suomaikka's Antique Weapon Shop.
  5786 | D:7      | Reached skill level 15 in Fighting
  5786 | D:7      | Reached XP level 10. HP: 105/105 MP: 9/9
  5816 | D:7      | Found a blossoming altar of Fedhas.
  5833 | D:7      | Reached skill level 5 in Dodging
  5977 | D:7      | Found an opulent altar of Gozag.
  6094 | D:7      | Found a sparkling altar of Nemelex Xobeh.
  6624 | D:8      | Found a staircase to the Lair.
  7113 | D:8      | Found a flagged portal.
  7126 | Bailey   | Entered a bailey
  7998 | Bailey   | Acquired a manual of Dodging
  8040 | Bailey   | Reached skill level 10 in Axes
  8201 | Bailey   | Found an iron altar of Okawaru.
  8218 | Bailey   | Noticed a sixfirhy
  8222 | Bailey   | Gained mutation: You occasionally shout uncontrollably at
                  | your foes. [a neqoxec]
  8224 | Bailey   | Reached XP level 11. HP: 60/113 MP: 10/10
  8379 | Bailey   | Identified the +1 robe of the Okapi {Harm Str-3 Int+8}
  8393 | Bailey   | Noticed an orc sorcerer
  8396 | Bailey   | Killed an orc sorcerer
  8637 | D:8      | Found a shimmering altar of Xom.
  8670 | D:8      | Found Winkelried's Dragon-Slaying Spoils.
  8727 | D:8      | Found a broken altar of Ashenzari.
  9164 | D:9      | Found a white marble altar of Elyvilon.
  9362 | D:9      | Identified the +0 pair of gloves "Wihef" {rF+ rC- Int+5
                  | SInv}
  9579 | D:9      | Found a stormy altar of Qazlal.
  9680 | D:9      | Noticed a two-headed ogre
  9683 | D:9      | Killed a two-headed ogre
  9729 | D:9      | Found a basalt altar of Yredelemnul.
  9992 | D:10     | Entered Level 10 of the Dungeon
 10041 | D:10     | Noticed Amaemon
 10055 | D:10     | Killed Amaemon
 10550 | D:10     | Found a hide-covered altar of Uskayaw.
 10564 | D:10     | Noticed a two-headed ogre
 10575 | D:10     | Killed a two-headed ogre
 10579 | D:10     | Reached skill level 16 in Fighting
 11253 | D:10     | Noticed a two-headed ogre
 11262 | D:10     | Killed a two-headed ogre
 11446 | D:10     | Found an ornate altar of the Wu Jian Council.
 11666 | D:10     | Noticed a white ugly thing
 11676 | D:10     | Killed a white ugly thing
 12022 | D:11     | Noticed Erica
 12037 | D:11     | HP: 6/171 [something (9)]
 12037 | D:11     | HP: 2/171 [something (4)]
 12039 | D:11     | Slain by Erica

Illustrated notes

Levels and vault maps discovered:
D:1:      lemuel_arrival_behind_the_door_large, layout_rooms, serial_shops,
          shop, serial_park_tiny_2, minmay_misc_feat_more_columns,
          dk_noncrumbling_2, amcnicky_mini_rare_corridor_liquid
D:2:      layout_basic, serial_shops, nicolae_shop_just_a_little_nook
D:3:      layout_loops_corners, amcnicky_altar_gilded,
          mainiacjoe_overflow_catwalk
D:4:      layout_rooms, zin_academy, uniq_blork_the_orc, uniq_robin,
          uniq_natasha, uniq_edmund
D:5:      minmay_recursive_quarters, layout_loops_ring,
          lightli_sewer_entry_pipes, uniq_grinder, uniq_sigmund
D:6:      minmay_polygon_palace, layout_loops_corners, old_standard_altar,
          lemuel_round_altar, minmay_temple_entry_purple_smoke, minivault_27,
          hangedman_glass_teeth, moated_statue, minmay_circle_x,
          uniq_crazy_yiuf_cottage
D:7:      layout_gridville, mainiacjoe_overflow_brackets,
          fedhas_bush_and_centaur_altar, lemuel_tele_altar, serial_shops,
          nicolae_stop_n_shop_2
D:8:      kennysheep_spiral_hall, layout_loops_ring,
          mainiacjoe_overflow_large_starburst, minmay_lair_entry_grove,
          enter_bailey_3, nicolae_shop_dragon_depot
D:9:      wad_cavern_with_rooms, layout_irregular_city, kennysheep_ying_yang,
          mainiacjoe_overflow_chevrons, solitary_fountain, hex_medium,
          minmay_misc_feat_chi
D:10:     layout_irregular_city, pdpol_wu_jian_five_deadly_venoms,
          mainiacjoe_overflow_surrounded_room, serial_bayou,
          serial_bayou_pond_b, serial_bayou_lagoon_b, serial_bayou_ford_a,
          serial_bayou_pond_a, serial_bayou_pond_a, uniq_amaemon
D:11:     layout_basic, uniq_josephine, uniq_erica

Skill      XL: |  1  2  3  4  5  6  7  8  9 10 11 |
---------------+----------------------------------+-----
Axes           | 3 4 5 6 8 10 11 | 11.8
Dodging        | 1 2 3 4 6 8 |  8.3
Fighting       | 4 5 6 15 16 | 16.1
Armour         | 4 5 6 7 9 |  9.0
Shields        | 4 5 6 7 8 |  8.7

Action                     |  1- 3 |  4- 6 |  7- 9 | 10-12 || total
---------------------------+-------+-------+-------+-------++-------
  Melee: War axe           |    55 |    74 |   169 |       ||   298
         Headbutt          |    10 |     9 |    26 |    60 ||   105
         Broad axe         |       |       |     7 |   355 ||   362
    Use: Scroll            |       |     9 |     7 |    10 ||    26
         Potion            |       |     3 |     1 |     2 ||     6
 Armour: Scale mail        |    32 |    62 |   142 |   144 ||   380
         Ring mail         |       |       |       |   162 ||   162
         Skin              |       |       |       |    10 ||    10
  Dodge: Dodged            |    36 |    45 |   146 |   209 ||   436
  Block: Buckler           |    20 |    18 |    64 |    90 ||   192
